AoeStats
← DS_Kvothe

Arabia

508311859Analyzed
2v2 RM · 11d ago on Sep 21, 2026· 31m 9s· 4 players
Game mode
Random Map
Map size
Medium (4 player)
Population
200
Speed
Normal
Resources
Standard
Victory
Conquest
Starting age
Dark Age
Ending age
Imperial Age
RankedLock teamsTeams togetherTeam positionsShared explorationLock speedFull tech treeHidden civsTurbo modeCheats
Victory
Defeat
🇺🇸 Bulgarians · United States
1832
+11
🇦🇷 Lithuanians · Argentina
1647
+19
🇦🇷 Franks · Argentina
1801
-18
🇦🇷 Ethiopians · Argentina
1636
-12
RedPhosphoru
10:35 Feudal Age
8:53 Loom
14:28 Castle Age
13:44 Double-Bit Axe
19:27 Scale Barding Armor
20:45 Chain Barding Armor
24:46 Forging
27:09 Husbandry
28:42 Bloodlines
30:55 Bow Saw
30:54 Scale Mail Armor
DS_Kvothe
7:00 Loom
10:06 Feudal Age
10:46 Double-Bit Axe
16:03 Fletching
16:39 Padded Archer Armor
22:17 Castle Age
22:24 Elite Skirmisher
23:45 Bow Saw
23:40 Horse Collar
24:07 Bodkin Arrow
24:27 Leather Archer Armor
24:22 Town Watch
25:12 Leather Archer Armor
27:35 Ballistics
29:19 Wheelbarrow
CesarFight
7:18 Loom
9:34 Feudal Age
10:08 Double-Bit Axe
12:45 Town Watch
20:22 Castle Age
19:40 Scale Barding Armor
20:03 Fletching
MerlinAoE
7:04 Loom
9:26 Feudal Age
9:56 Double-Bit Axe
10:04 Man-at-Arms
14:34 Fletching
16:15 Padded Archer Armor
22:01 Castle Age
21:00 Gold Mining
20:52 Horse Collar
22:55 Bodkin Arrow
23:07 Crossbowman
24:58 Gold Shaft Mining
26:53 Ballistics
27:39 Wheelbarrow
28:45 Leather Archer Armor
Connection lost

Rejoining the realm…

Still unreachable

The connection could not be restored.

Session expired

The server has moved on; the page needs a fresh start.